 Dungeon Crawl Stone Soup version 0.27-a0-1590-g15f69828bf (webtiles) character file.

Game seed: 3568584771041722660

976 Lanoc the Frost Mage (level 8, -1/62 HPs)
             Began as a Naga Ice Elementalist on July 18, 2021.
             Was a Follower of Fedhas.
             Slain by an orc warrior (16 damage)
             ... on level 6 of the Dungeon.
             The game lasted 00:10:21 (5628 turns).

Lanoc the Frost Mage (Naga Ice Elementalist)        Turns: 5628, Time: 00:10:22

Health: -1/62      AC:  8    Str: 11 (13) XL:     8   Next: 16%
Magic:  8/11       EV: 11    Int: 16 (18) God:    Fedhas [*.....]
Gold:   224        SH:  0    Dex: 10 (13) Spells: 4/11 levels left

rFire    + . .     SeeInvis +   j - +2 dagger (flame)
rCold    . . .     Faith    .   (no shield)
rNeg     . . .     Spirit   .   a - +1 robe
rPois    +         Reflect  .   (no helmet)
rElec    .         Harm     .   (no cloak)
rCorr    +         Rampage  .   (no gloves)
Will     .....     Clarity  +   (no barding)
Stlth    ++........             (no amulet)
HPRegen  0.20/turn              g - +4 ring of protection
MPRegen  0.12/turn              p - ring "Fiosem" {rPois rF+ rCorr Slay+4}

@: mighty, weak-willed, freezing walls, very slow
A: AC +2, large, see invisible, deformed body, poison resistance, slowness 2,
spit poison 1, naga tail 1, agile 1, clarity, strong 1
a: Spit Poison, Renounce Religion


You were on level 6 of the Dungeon.
You worshipped Fedhas.
Fedhas was aware of your devotion.
You visited 2 branches of the dungeon, and saw 8 of its levels.

You collected 224 gold pieces.

Inventory:

Hand Weapons
 j - a +2 dagger of flaming (weapon)
Missiles
 h - 6 atropa-tipped darts
Armour
 a - a +1 robe (worn)
Jewellery
 e - a +4 ring of slaying
 g - a +4 ring of protection (left hand)
 m - a ring of resist corrosion
 p - the ring "Fiosem" (right hand) {rPois rF+ rCorr Slay+4}
   (You found it on level 5 of the Dungeon)

   [ring of slaying]

   Slay:      It affects your accuracy & damage with ranged weapons and melee
   (+4).
   rF:        It protects you from fire.
   rPois:     It protects you from poison.
   rCorr:     It protects you from acid and corrosion.
Wands
 i - a wand of flame (22)
Scrolls
 n - a scroll of enchant armour
 t - a scroll of vulnerability


   Skills:
 + Level 4.6 Dodging
 - Level 3.0 Stealth
 - Level 2.0 Spellcasting
 * Level 8.5 Ice Magic


You had 4 spell levels left.
You knew the following spells:

 Your Spells              Type           Power      Damage    Failure   Level
a - Freeze                Ice            100%       1d11      1%          1
b - Frozen Ramparts       Ice            58%        1d7       1%          3
c - Ozocubu's Armour      Ice            29%        N/A       1%          3

Your spell library contained the following spells:

 Spells                   Type           Power      Damage    Failure   Level
 Hailstorm                Conj/Ice       15%        3d5       34%         4
 Summon Ice Beast         Ice/Summ       15%        N/A       34%         4
 Summon Mana Viper        Hex/Summ       1%         N/A       99%         5
 Monstrous Menagerie      Summ           0%         N/A       100%        7


Dungeon Overview and Level Annotations

Branches:
Dungeon (7/15)             Temple (1/1) D:4

Altars:
Ashenzari
Cheibriados
Dithmenos
Elyvilon
Fedhas
Gozag
Hepliaklqana
Kikubaaqudgha
Makhleb
Nemelex Xobeh
Okawaru
Qazlal
Ru
Sif Muna
Trog
Vehumet
Wu Jian
Xom
Yredelemnul
Zin

Shops:
D:1 [[[   D:2 [

Annotations:
D:4 2 runed translucent doors, qborf's ghost, amateur FeBe


Innate Abilities, Weirdness & Mutations

Your serpentine skin is tough. (AC +2)
You have supernaturally acute eyesight. (SInv)
Armour fits poorly on your strangely shaped body.
Your system is resistant to poisons. (rPois)
You cover ground very slowly.
You can spit poison.
You have a snake-like lower body.
You are agile. (Dex +2)
You possess an exceptional clarity of mind.
Your muscles are strong. (Str +2)


Message History

As you read the scroll labelled IDUYCL QEBUNEO, it crumbles to dust.
Magic quickly surges around you.
It was a scroll of vulnerability.
As you read the scroll labelled BIEREMARUNG, it crumbles to dust.
You feel aware of your surroundings.
You sensed 1 shop/portal.
It was a scroll of magic mapping.
You start resting.
You flicker for a moment.
You start resting.
A centaur skeleton is nearby!
A centaur skeleton is nearby!
Your transformation is almost over.
You flicker back into view.
You feel less wooden.
Your +1 robe unmelds from your body.
An orc and an orc warrior come into view.
The orc shouts!
An orc comes into view. It is wielding a +0 hand axe.
Things that are here:
a +0 club; a +0 leather armour; an orc corpse
Found a robe.
Found an escape hatch in the floor.
Your magical contamination has completely faded away.
Casting: Frozen Ramparts (safe; 1% risk of failure)
Confirm with . or Enter, or press ? or * to list all spells.
Casting: Frozen Ramparts (safe; 1% risk of failure)
Press: ? - help, Dir - look around, f - activate The walls around you are covered in ice.
The orc shouts!
The wall freezes the orc warrior.
The orc warrior closely misses you.
You closely miss the orc warrior.
The orc warrior is lightly wounded.
The wall freezes the orc warrior.
The orc warrior hits you with a +0 flail!
* * * LOW HITPOINT WARNING * * *
You hit the orc warrior. You burn the orc warrior.
The orc warrior is moderately wounded.
The wall freezes the orc.
The wall freezes the orc warrior.
The orc warrior hits you with a +0 flail!
You die...
Fedhas appreciates your contribution to the ecosystem.

...................,,,* *,,,,,,,
................$.....##**,,,,,,,
.......##....###........,*,,,,,,,
.###....................,***,,,*,
.#*#..................,,,***,,,*,
...........))........,,,,,,,,,,,,
.#......#Z#)#......##...,,,*,,,,,
##......#.#!#........#,,,,,*,,,,,
#*......#.#.)..#@#.,,,,,,,,*,,*,,
,,......#.#.$..o.#,,,,,,,,,,,,,,,
,,,...............#,,,,,,,**,,***
,,,,,,................,,,,,,,,,,,
,,,,,.................>,,,*,,,,,,
,,,,,.o....#........[..,***,,,,,,
*,,,,......##.#<.....##,* *,,,,,,
*,,,,.....#*..........#+***,,,,,,
*,,,,*#...*#......###..,,,,,,,,,,


You could see an orc warrior.

Vanquished Creatures
  Edmund (D:6)
  Menkaure (D:5)
  A sky beast (D:3)
  A bullfrog (D:7)
  2 scorpions
  A water moccasin skeleton (D:4)
  A howler monkey (D:4)
  2 hounds
  3 orc priests
  A bullfrog skeleton (D:7)
  A centaur skeleton (D:5)
  5 adders
  A river rat (D:3)
  A white imp (D:6)
  2 ufetubi
  2 worms
  A dart slug (D:3)
  11 orcs
  6 endoplasms
  11 goblins
  10 hobgoblins
  3 jackals (D:1)
  2 quokkas (D:2)
  9 ball pythons
  7 bats
  3 frilled lizards
  6 kobolds
  9 rats
104 creatures vanquished.

Notes
Turn   | Place    | Note
-------+----------+-------------------------------------------
     0 | D:1      | Lanoc the Naga Ice Elementalist began the quest for the
                  | Orb.
     0 | D:1      | Reached XP level 1. HP: 15/15 MP: 3/3
   206 | D:1      | Found Rebliam's Armour Emporium.
   275 | D:1      | Reached XP level 2. HP: 17/22 MP: 1/5
   351 | D:1      | Found Pakkicusko's Antique Armour Shop.
   943 | D:1      | Reached XP level 3. HP: 25/28 MP: 2/6
   947 | D:1      | Learned a level 3 spell: Frozen Ramparts
  1008 | D:1      | Found Jeoghyem's Antique Armour Shoppe.
  1444 | D:2      | Found a faded altar of an unknown god.
  1827 | D:2      | Found Gaphoag's Antique Armour Shoppe.
  2295 | D:3      | Noticed a sky beast
  2373 | D:3      | Reached skill level 5 in Ice Magic
  2373 | D:3      | Reached XP level 4. HP: 30/36 MP: 3/7
  2665 | D:3      | Killed a sky beast
  2666 | D:3      | Reached XP level 5. HP: 42/42 MP: 1/8
  2855 | D:3      | Reached skill level 6 in Ice Magic
  3107 | D:3      | Reached XP level 6. HP: 49/49 MP: 5/9
  3724 | D:4      | Learned a level 3 spell: Ozocubu's Armour
  3818 | D:4      | Reached skill level 7 in Ice Magic
  3818 | D:4      | Reached XP level 7. HP: 53/55 MP: 6/10
  3887 | D:4      | Noticed qborf's ghost (amateur FeBe)
  3888 | D:4      | Found a large runed translucent door.
  3888 | D:4      | Found a large runed translucent door.
  4437 | D:4      | Found a staircase to the Ecumenical Temple.
  4452 | Temple   | Entered the Ecumenical Temple
  4817 | D:2      | Became a worshipper of Fedhas Madash
  4817 | D:2      | Reached * piety under Fedhas
  4866 | D:5      | Entered Level 5 of the Dungeon
  4900 | D:5      | Identified the ring "Fiosem" {rPois rF+ rCorr Slay+4}
  5026 | D:5      | Noticed Menkaure
  5037 | D:5      | Killed Menkaure
  5283 | D:5      | You fall into a shaft and drop 2 floors!
  5294 | D:7      | Found a radiant altar of Vehumet.
  5323 | D:7      | Found a sacrificial altar of Ru.
  5483 | D:7      | Reached skill level 8 in Ice Magic
  5553 | D:6      | Noticed Edmund
  5578 | D:6      | Gained mutation: You possess an exceptional clarity of
                  | mind. [potion of mutation]
  5578 | D:6      | Gained mutation: You are agile. (Dex +2) [potion of
                  | mutation]
  5578 | D:6      | Gained mutation: Your muscles are strong. (Str +2) [potion
                  | of mutation]
  5582 | D:6      | Killed Edmund
  5583 | D:6      | Reached XP level 8. HP: 34/62 MP: 7/11
  5628 | D:6      | Slain by an orc warrior

Illustrated notes

Levels and vault maps discovered:
D:1:      eino_arrival_cavern_d, layout_basic, serial_shops,
          nicolae_shop_crystal, shop, shop_fountains, minmay_tromino_v4_a
D:2:      layout_basic, serial_shops, shop, shapermc_ecumenical_altar_gd
D:3:      corexii_shack_village, layout_loops_cross, serial_rivers,
          chequers_serial_rivers_small_a, chequers_serial_rivers_large_b,
          chequers_serial_rivers_marsh, chequers_serial_rivers_marsh,
          chequers_serial_rivers_micro_e, portal_sewer_entry_e, minmay_cupped
D:4:      layout_loops_ring, minmay_temple_entry_poolview,
          ebering_ghost_disaster_area
D:5:      layout_layer_cave, uniq_menkaure
D:6:      layout_basic, enter_ossuary_4, uniq_edmund, uniq_sigmund
D:7:      layout_rooms, jmf_multi_god_temple
Temple:   dpeg_five_rooms_temple

Skill      XL: |  1  2  3  4  5  6  7 |
---------------+----------------------+-----
Dodging        | 2 3 4 |  4.6
Ice Magic      | 5 6 7 8 |  8.5
Stealth        | |  3.0
Spellcasting   | |  2.0

Action                   |  1- 3 |  4- 6 |  7- 9 || total
-------------------------+-------+-------+-------++-------
Melee: Unarmed           |     9 |       |       ||     9
       Short sword       |     9 |     3 |       ||    12
       Dagger            |       |    31 |    49 ||    80
 Cast: Freeze            |    40 |     6 |       ||    46
       Frozen Ramparts   |     2 |    18 |    11 ||    31
 Abil: Spit Poison       |    28 |     8 |     4 ||    40
  Use: Scroll            |     4 |     3 |     6 ||    13
       Potion            |       |       |     7 ||     7
 Stab: Sleeping          |       |     1 |     1 ||     2
Armor: Robe              |     9 |    21 |    25 ||    55
       Skin              |       |       |    16 ||    16
Dodge: Dodged            |    28 |    26 |    24 ||    78

Table legend: (Time is in decaauts)
 A = Elapsed time spent in this place.
 B = Non-inter-level travel time spent in this place.
 C = Inter-level travel time spent in this place.
 D = Time resting spent in this place.
 E = Time spent auto-exploring this place.
 F = Levels seen in this place.
 G = Mean time per level.
                   A        B        C        D        E       F      G
               +--------+--------+--------+--------+--------+-----+--------+
         Total |   7144 |   6327 |    817 |     21 |   5545 |   8 |  893.0 |
       Dungeon |   6740 |   5966 |    774 |     21 |   5186 |   7 |  962.9 |
        Temple |    403 |    360 |     43 |      0 |    359 |   1 |  403.0 |
               +--------+--------+--------+--------+--------+-----+--------+

Top non-repeatable levels by time:
     D:3: 1755 daAuts
     D:2: 1486 daAuts
     D:1: 1376 daAuts
     D:4: 1254 daAuts
     D:5: 458 daAuts
  Temple: 403 daAuts
     D:7: 327 daAuts
     D:6: 83 daAuts
